 Dungeon Crawl Stone Soup version 0.28-a0-1616-g050a50673c (webtiles) character file.

Game seed: 17270830287229708039

4022 bjtr the Ogre Mage (level 10, -3/94 HPs)
             Began as an Ogre Fire Elementalist on Jan 23, 2022.
             Slain by an orc warrior (14 damage)
             ... on level 9 of the Dungeon.
             The game lasted 00:45:33 (12921 turns).

bjtr the Ogre Mage (Ogre Fire Elementalist)        Turns: 12921, Time: 00:45:33

Health: -3/94      AC: 11    Str: 27    XL:     10   Next: 23%
Magic:  7/23       EV: 11    Int: 20    God:
Gold:   93         SH:  5    Dex: 15    Spells: 14/27 levels left

rFire   . . .      SeeInvis .   t - +0 giant spiked club
rCold   . . .      Faith    .   (shield currently unavailable)
rNeg    . . .      Spirit   .   a - +0 robe
rPois   .          Reflect  +   F - +2 hat
rElec   .          Harm     .   H - +1 cloak {Will+}
rCorr   .          Rampage  .   (gloves unavailable)
Will    ++...                   (boots unavailable)
Stlth   +.........              z - amulet of reflection
HPRegen 0.25/turn               B - ring of Runtyag {Str+7 Dex+6 Stlth-}
MPRegen 0.18/turn               q - +6 ring of strength

@: on berserk cooldown, slowed, very slow
A: large, unfitting armour, tough skin 1, talons 1, iridescent scales 2, wild
magic 1
a: no special abilities


You were on level 9 of the Dungeon.
You visited 2 branches of the dungeon, and saw 10 of its levels.

You collected 299 gold pieces.
You spent 206 gold pieces at shops.

Inventory:

Hand Weapons
 d - a +0 whip
 e - a +0 dagger
 f - a +4 dagger of venom
 h - a +0 short sword
 k - a +2 whip of freezing
 m - a +0 mace
 t - a +0 giant spiked club (weapon)
 w - a +0 great sword
 C - a +2 scythe of flaming
 G - a +4 quarterstaff of chaos
Missiles
 b - 345 stones
 c - 38 bolts
 g - 2 large rocks (quivered)
 j - 2 boomerangs
 p - 40 sling bullets
 y - 6 poisoned darts
 D - 2 throwing nets
 L - a curare-tipped dart
Armour
 a - a +0 robe (worn)
 F - a +2 hat (worn)
 H - a +1 cloak of willpower (worn)
Magical Staves
 s - a staff of earth
Jewellery
 o - an amulet of faith
 q - a +6 ring of strength (right hand)
 z - an amulet of reflection (around neck)
 B - the ring of Runtyag (left hand) {Str+7 Dex+6 Stlth-}
   (You found it on level 6 of the Dungeon)

   [ring of dexterity]

   Str:       It affects your strength (+7).
   Dex:       It affects your dexterity (+6).
   Stlth:     It makes you less stealthy.
 J - a +6 ring of strength
 N - a ring of resist corrosion
Wands
 i - a wand of flame (20)
 r - a wand of acid (3)
Scrolls
 O - a scroll of amnesia
Potions
 l - a potion of brilliance
 u - a potion of might
 x - 2 potions of cancellation
 E - a potion of lignification {unknown}
 K - a potion of attraction {unknown}
Miscellaneous
 n - a piece from Xom's chessboard (15/15)
 M - a condenser vane


   Skills:
 + Level 4.6 Fighting
 * Level 6.0 Maces & Flails
 + Level 3.5 Dodging
 - Level 1.4 Stealth
 - Level 0.2 Shields
 - Level 9.4 Spellcasting
 + Level 2.6 Conjurations
 + Level 7.7 Fire Magic


You had 14 spell levels left.
You knew the following spells:

 Your Spells              Type           Power      Damage    Failure   Level
a - Foxfire               Conj/Fire      100%       2x1d9     1%          1
b - Scorch                Fire           100%       2d10      1%          2
c - Conjure Flame         Conj/Fire      39%        6-21      4%          3
d - Inner Flame           Hex/Fire       32%        N/A       8%          3
e - Flame Wave            Conj/Fire      39%        2d9       13%         4

Your spell library contained the following spells:

 Spells                   Type           Power      Damage    Failure   Level
 Ignite Poison            Fire/Tmut/Pois 25%        N/A       12%         3
 Corpse Rot               Necr/Air       24%        N/A       16%         2
 Poisonous Vapours        Pois/Air       24%        N/A       16%         2
 Mephitic Cloud           Conj/Pois/Air  16%        N/A       22%         3
 Call Canine Familiar     Summ           12%        N/A       30%         3
 Portal Projectile        Hex/Tloc       24%        N/A       30%         3
 Leda's Liquefaction      Hex/Erth       6%         N/A       67%         4
 Passage of Golubria      Tloc           12%        N/A       67%         4
 Freezing Cloud           Conj/Ice/Air   8%         6-21      87%         5
 Silence                  Hex/Air        6%         N/A       94%         5
 Lehudib's Crystal Spear  Conj/Erth      9%         10d4      100%        8


Dungeon Overview and Level Annotations

Branches:
Dungeon (9/15)             Temple (1/1) D:4
   Lair: D:8-11         Orc: D:9-12

Altars:
Ashenzari
Cheibriados
Dithmenos
Elyvilon
Gozag
Hepliaklqana
Kikubaaqudgha
Makhleb
Nemelex Xobeh
Okawaru
Qazlal
Ru
Sif Muna
Trog
Uskayaw
Wu Jian
Xom
Yredelemnul
The Shining One

Shops:
D:1 *   D:7 [==(

Annotations:
D:9 Harold


Innate Abilities, Weirdness & Mutations

You are too large for most types of armour.
You have tough skin. (AC +1)
You have sharp toenails.
You are mostly covered in iridescent scales. (AC +4)
Your spells are a little harder to cast, but a little more powerful.


Message History

You conjure some foxfire!
Casting: Foxfire (safe; 1% risk of failure)
Confirm with . or Enter, or press ? or * to list all spells.
You don't have enough magic to cast this spell.
Your surroundings suddenly seem different.
An orc warrior, an orc wizard and 2 orcs come into view.
Found a stone staircase leading up.
The orc warrior shouts!
Okay, then.
A red film seems to cover your vision as you go berserk!
You feel yourself moving faster!
You feel mighty!
The orc wizard gestures wildly while chanting.
The orc wizard flickers and vanishes!
Deactivating autopickup; reactivate with Ctrl-A.
Unknown command.
You feel a strong urge to attack something.
The orc hits you with a +0 flail.
* * * LOW HITPOINT WARNING * * *
Unknown command.
You feel your anger nearly subside.
You are no longer berserk.
You are exhausted.
You feel yourself slow down.
Your magical contamination has completely faded away.
The orc hits you but does no damage. Something completely misses you.
The orc barely misses you. You block something's attack.
The orc warrior misses you. The orc closely misses you.
The orc hits you but does no damage. The orc misses you.
The orc closely misses you. You block the orc's attack.
The orc barely misses you. You block the orc's attack.
The orc closely misses you. The orc hits you but does no damage.
The orc closely misses you. You block the orc's attack.
A magic dart appears from out of thin air!
The magic dart hits you but does no damage.
The orc warrior barely misses you.
Harold shouts!
The orc warrior hits you from afar with a +0 halberd!
You die...

#####################
#....................
#..........(..#######
#.............#
#...........§.#
#...@.......§v#######
#........@...v.......
#.o..........@..#####
#o#############.# #{#
#(# #.# #)# #.# #)#
#.#############)#####
#o.............(.....


You could see Harold, an orc warrior and an orc.

Vanquished Creatures
  A boulder beetle (D:8)
  Pikel (D:4)
  A troll (D:5)
  A hornet (D:8)
  Sigmund (D:6)
  A wyvern (D:8)
  3 sky beasts
  2 ice beasts
  A necrophage (D:6)
  An ogre (D:4)
  The ghost of tatocazan the Shield-Bearer, an amateur FoFi (D:3)
  2 centaurs
  A kobold brigand (D:8)
  Blork the orc (D:6)
  A bullfrog (D:7)
  A gnoll sergeant (D:9)
  A wyvern zombie (D:9)
  2 water moccasin skeletons (D:5)
  5 wights (D:8)
  3 centaur zombies
  An orc priest (D:7)
  Crazy Yiuf (D:7)
  3 jellies
  4 bullfrog skeletons
  A gnoll shaman (D:5)
  3 iguanas
  2 orc wizards (D:7)
  A killer bee zombie (D:8)
  10 gnolls
  A howler monkey skeleton (D:5)
  3 adders
  A shadow imp (D:7)
  2 white imps
  An ufetubus (D:5)
  A worm (D:2)
  A dart slug (D:1)
  14 orcs
  11 endoplasms
  3 giant cockroaches (D:1)
  4 goblins (D:1)
  8 hobgoblins
  2 jackals (D:1)
  8 quokkas
  6 ball pythons
  8 bats
  4 frilled lizards
  12 kobolds
  4 rats
  A spectral kobold (D:2)
152 creatures vanquished.

Vanquished Creatures (others)
  172 foxfires
172 creatures vanquished.

Grand Total: 324 creatures vanquished

Notes
Turn   | Place    | Note
-------+----------+-------------------------------------------
     0 | D:1      | bjtr the Ogre Fire Elementalist began the quest for the
                  | Orb.
     0 | D:1      | Reached XP level 1. HP: 16/16 MP: 3/3
   347 | D:1      | Reached skill level 1 in Conjurations
   347 | D:1      | Reached XP level 2. HP: 24/24 MP: 0/5
   353 | D:1      | Learned a level 2 spell: Scorch
   777 | D:1      | Reached XP level 3. HP: 32/32 MP: 0/7
   781 | D:1      | Learned a level 3 spell: Conjure Flame
   939 | D:1      | Found Osept's Assorted Antiques.
  1253 | D:1      | Reached skill level 1 in Fighting
  2151 | D:2      | Found a faded altar of an unknown god.
  2898 | D:3      | Found a runed translucent gate.
  2899 | D:3      | Found a runed translucent gate.
  2899 | D:3      | Noticed tatocazan's ghost (amateur FoFi)
  2900 | D:3      | Found a runed translucent gate.
  2973 | D:3      | Reached XP level 4. HP: 41/41 MP: 5/8
  3081 | D:3      | Found an ornate altar of the Wu Jian Council.
  3091 | D:3      | Reached skill level 3 in Spellcasting
  3222 | D:3      | Found a white marble altar of Elyvilon.
  3489 | D:3      | Found a hide-covered altar of Uskayaw.
  3908 | D:3      | Killed tatocazan's ghost
  3909 | D:3      | Reached XP level 5. HP: 28/50 MP: 1/10
  4166 | D:4      | Noticed an ogre
  4167 | D:4      | Reached skill level 4 in Spellcasting
  4435 | D:4      | Found a staircase to the Ecumenical Temple.
  4608 | D:4      | Reached XP level 6. HP: 24/59 MP: 0/12
  4794 | D:4      | Learned a level 3 spell: Inner Flame
  4799 | D:4      | Learned a level 4 spell: Flame Wave
  5010 | Temple   | Entered the Ecumenical Temple
  5483 | D:4      | Gained mutation: You are weak. (Str -2) [potion of
                  | mutation]
  5483 | D:4      | Gained mutation: Potions are less effective at restoring
                  | your health. [potion of mutation]
  5483 | D:4      | Gained mutation: You are partially covered in iridescent
                  | scales. (AC +2) [potion of mutation]
  5743 | D:4      | Lost mutation: Potions are less effective at restoring your
                  | health. [potion of mutation]
  5743 | D:4      | Lost mutation: You are weak. (Str -2) [potion of mutation]
  5743 | D:4      | Gained mutation: Your spells are a little harder to cast,
                  | but a little more powerful. [potion of mutation]
  5743 | D:4      | Gained mutation: You have sharp toenails. [potion of
                  | mutation]
  5743 | D:4      | Gained mutation: You are mostly covered in iridescent
                  | scales. (AC +4) [potion of mutation]
  5762 | D:4      | Identified the +0 ring mail of Mirth {Regen+}
  5788 | D:4      | Noticed Pikel
  6031 | D:4      | Killed Pikel
  6032 | D:4      | Reached skill level 1 in Maces & Flails
  6032 | D:4      | Reached skill level 6 in Spellcasting
  6032 | D:4      | Reached skill level 5 in Fire Magic
  6032 | D:4      | Reached XP level 7. HP: 30/67 MP: 1/16
  6245 | D:5      | Entered Level 5 of the Dungeon
  6256 | D:5      | Reached XP level 8. HP: 74/76 MP: 12/17
  6642 | D:5      | Noticed a troll
  6683 | D:5      | Killed a troll
  6865 | D:5      | Identified the -7 helmet of Hangman {+Blink Dex+2}
  6955 | D:5      | Found an iron altar of Okawaru.
  8012 | D:1      | Bought a runed cloak for 165 gold pieces
  8012 | D:1      | Bought a scroll labelled BYGRAPI OWKECW for 22 gold pieces
  8012 | D:1      | Bought a bubbling dark potion for 19 gold pieces
  8111 | D:6      | Noticed Blork the orc
  8118 | D:6      | Killed Blork the orc
  8388 | D:6      | Reached skill level 7 in Spellcasting
  8513 | D:6      | Reached XP level 9. HP: 75/84 MP: 14/19
  8727 | D:6      | Identified the ring of Runtyag {Str+7 Dex+6 Stlth-}
  8775 | D:6      | Noticed Sigmund
  8782 | D:6      | Killed Sigmund
  9409 | D:7      | Found Oriasob's Jewellery Shop.
  9410 | D:7      | Found Henwoc's Jewellery Shop.
  9412 | D:7      | Found Puanugri's Armour Shop.
  9413 | D:7      | Found Echosit's Weapon Shop.
  9597 | D:7      | Reached skill level 8 in Spellcasting
 10098 | D:7      | Reached skill level 5 in Maces & Flails
 10335 | D:7      | Found a runed translucent door.
 10336 | D:7      | Noticed Crazy Yiuf
 10342 | D:7      | Killed Crazy Yiuf
 10435 | D:7      | Found a basalt altar of Yredelemnul.
 10873 | D:8      | Noticed a boulder beetle
 11458 | D:8      | Noticed a hornet
 11466 | D:8      | Killed a hornet
 11626 | D:8      | Killed a boulder beetle
 11627 | D:8      | Reached skill level 9 in Spellcasting
 11627 | D:8      | Reached XP level 10. HP: 53/94 MP: 8/23
 12169 | D:8      | Found a bloodstained altar of Trog.
 12865 | D:9      | Noticed Harold
 12898 | D:9      | HP: 4/141 [orc (6)]
 12921 | D:9      | Slain by an orc warrior

Illustrated notes

Levels and vault maps discovered:
D:1:      heliophobic_arrival_enchanted_forest, layout_loops_ring, serial_shops,
          shop_statue, minmay_misc_feat_ornament
D:2:      layout_loops_corners, dreamdust_ecumenical_altar_drowned_temple,
          chequers_serial_rivers_large_b
D:3:      layout_loops_corners, nicolae_uskayaw_dance_hall, lemuel_doored_altar,
          lemuel_tele_altar, gammafunk_ghost_split
D:4:      minmay_angry_zag, layout_basic, minmay_temple_entry_large_hall,
          uniq_pikel
D:5:      layout_basic, mainiacjoe_overflow_cross_hatched,
          roderic_roman_lattice, amcnicky_mini_corridor_feature,
          hangedman_decor_riveting, minmay_crossroads
D:6:      layout_basic, uniq_blork_the_orc, uniq_sigmund
D:7:      layout_basic, mainiacjoe_overflow_tiny_flanked,
          minmay_shop_grid_forest, grunt_ministairs_4, sigmund_army,
          uniq_crazy_yiuf_cottage
D:8:      layout_basic, nicolae_overflow_hidden_temple
D:9:      layout_long_grid, erik_orc_3, minmay_bent, uniq_harold
Temple:   dshaligram_water_room_temple

Skill      XL: |  1  2  3  4  5  6  7  8  9 10 |
---------------+-------------------------------+-----
Fire Magic     | 3 4 5 6 7 |  7.7
Dodging        | 2 3 |  3.5
Conjurations   | 1 2 |  2.6
Fighting       | 1 2 3 4 |  4.6
Spellcasting   | 3 4 6 7 9 |  9.4
Maces & Flails | 1 2 4 5 6 |  6.0
Stealth        | |  1.4
Shields        | |  0.2

Action                   |  1- 3 |  4- 6 |  7- 9 | 10-12 || total
-------------------------+-------+-------+-------+-------++-------
Melee: Unarmed           |     1 |       |       |       ||     1
       Whip              |    43 |       |       |       ||    43
       Mace              |     4 |    11 |       |       ||    15
       Giant spiked club |       |     9 |    71 |     2 ||    82
       Kick              |       |       |    23 |     1 ||    24
Throw: Large rock        |     1 |     2 |     9 |     6 ||    18
 Cast: Foxfire           |    54 |    31 |    15 |     8 ||   108
       Scorch            |    13 |    40 |    77 |    16 ||   146
       Conjure Flame     |       |       |     6 |       ||     6
       Flame Wave        |       |       |       |     4 ||     4
Evoke: Wand              |       |     5 |     4 |       ||     9
  Use: Scroll            |     4 |     2 |     8 |     4 ||    18
       Potion            |       |     7 |     1 |     1 ||     9
 Stab: Sleeping          |     1 |       |     2 |       ||     3
Armor: Robe              |    19 |    11 |    65 |    16 ||   111
Dodge: Dodged            |    48 |    37 |    62 |    27 ||   174
Block: Other             |       |       |    15 |     8 ||    23

Table legend: (Time is in decaauts)
 A = Elapsed time spent in this place.
 B = Non-inter-level travel time spent in this place.
 C = Inter-level travel time spent in this place.
 D = Time resting spent in this place.
 E = Time spent auto-exploring this place.
 F = Levels seen in this place.
 G = Mean time per level.
                   A        B        C        D        E       F      G
               +--------+--------+--------+--------+--------+-----+--------+
         Total |  13009 |  12486 |    523 |   3603 |   7204 |  10 | 1300.9 |
       Dungeon |  12876 |  12375 |    501 |   3603 |   7104 |   9 | 1430.7 |
        Temple |    132 |    110 |     22 |      0 |    100 |   1 |  132.0 |
               +--------+--------+--------+--------+--------+-----+--------+

Top non-repeatable levels by time:
     D:4: 1828 daAuts
     D:7: 1765 daAuts
     D:5: 1697 daAuts
     D:1: 1554 daAuts
     D:3: 1553 daAuts
     D:8: 1409 daAuts
     D:2: 1394 daAuts
     D:6: 1281 daAuts
     D:9: 390 daAuts
  Temple: 132 daAuts
